 Dungeon Crawl Stone Soup version 0.21.0-25-ge575cb9 (webtiles) character file.

1367 sankara the Insei (level 8, 0/67 HPs)
             Began as a Black Draconian Transmuter on Jan 22, 2018.
             Was an Initiate of Ru.
             Killed from afar by an electric eel (10 damage)
             ... with a bolt of electricity
             ... on level 5 of the Dungeon.
             The game lasted 00:24:07 (6695 turns).

sankara the Insei (Black Draconian Transmuter)      Turns: 6695, Time: 00:24:08

Health: 0/67       AC:  2    Str: 13    XL:     8   Next: 38%
Magic:  8/11       EV: 22    Int: 16    God:    Ru [......]
Gold:   295        SH:  0    Dex: 18    Spells: 5/11 levels left

rFire    . . .     SeeInvis .     - Unarmed
rCold    . . .     Gourm    .   (shield currently unavailable)
rNeg     + . .     Faith    .   (armour unavailable)
rPois    x         Spirit   .   (helmet currently unavailable)
rElec    .         Reflect  .   (cloak currently unavailable)
rCorr    .         Harm     .   (gloves currently unavailable)
MR       .....                  (boots currently unavailable)
Stlth    ++........             (no amulet)
HPRegen  0.21/turn              f - +2 ring of intelligence
MPRegen  0.12/turn              i - ring of positive energy

@: spider-form
A: tiny, (breathe lightning), unfitting armour, AC +6
a: End Transformation, Renounce Religion


You were on level 5 of the Dungeon.
You worshipped Ru.
Ru was noncommittal.
You were not hungry.
You were a venomous arachnid creature.
You visited 2 branches of the dungeon, and saw 6 of its levels.

You collected 295 gold pieces.

Inventory:

Missiles
 a - 93 arrows
 e - 32 poisoned needles
Armour
 j - a +1 buckler (melded)
 u - a +0 cloak (melded)
Jewellery
 f - a +2 ring of intelligence (left front leg)
 i - a ring of positive energy (right front leg)
 l - an uncursed ring of magical power
 n - an uncursed ring of flight
Wands
 r - a wand of polymorph (13)
 y - a wand of flame (24)
Scrolls
 d - 2 scrolls of remove curse
 h - 4 scrolls of identify
 k - a scroll of teleportation
 o - 2 scrolls of fog {unknown}
 s - a scroll of noise {unknown}
 v - a scroll of amnesia {unknown}
 w - a scroll of enchant armour
Potions
 g - 3 potions of curing
 m - 2 potions of brilliance
 p - 3 potions of magic {unknown}
 q - a potion of mutation {unknown}
 t - 2 potions of flight
 x - a potion of might {unknown}
Books
 b - a book of Changes

   Spells                             Type                      Level
   a - Beastly Appendage              Transmutation                1
   b - Sticks to Snakes               Transmutation                2
   c - Spider Form                    Transmutation/Poison         3
   d - Ice Form                       Ice/Transmutation            4
   e - Blade Hands                    Transmutation                5
Comestibles
 c - 2 rations


   Skills:
 + Level 4.9 Fighting
 + Level 3.6 Dodging
 * Level 7.1 Unarmed Combat
 - Level 2.0 Spellcasting
 + Level 4.8 Transmutations
 - Level 3.0 Poison Magic


You had 5 spell levels left.
You knew the following spells:

 Your Spells              Type           Power        Failure   Level  Hunger
a - Beastly Appendage     Tmut           ###...       10%         1    #......
b - Sticks to Snakes      Tmut           ###.....     13%         2    ###....
c - Spider Form           Tmut/Pois      ##........   28%         3    ###....


Dungeon Overview and Level Annotations

Branches:
Dungeon (5/15)             Temple (1/1) D:5

Altars:
Ashenzari
Cheibriados
Dithmenos
Elyvilon
Fedhas
Gozag
Hepliaklqana
Nemelex Xobeh
Okawaru
Qazlal
Ru
Sif Muna
Trog
Uskayaw
Vehumet
Wu Jian
Yredelemnul
Zin
The Shining One

Annotations:
D:3 microfolk's ghost, amateur GrBe
D:5 1 transporter


Innate Abilities, Weirdness & Mutations

((You can breathe wild blasts of lightning.))
((Your glossy black scales are hard. (AC +6)))
You cannot fit into any form of body armour.
((You are resistant to electric shocks. (rElec)))
((You are cold-blooded and may be slowed by cold attacks.))


Message History

You barely miss the electric eel.
The electric eel shoots out a bolt of lightning at you!
The bolt of electricity hits you!
The bolt of electricity hits the electric eel.
The electric eel completely resists.
You bite the electric eel!
The electric eel is severely wounded.
The electric eel shoots out a bolt of lightning at you!
The bolt of electricity hits you!
You hit the electric eel but do no damage.
The electric eel is poisoned.
The electric eel is severely wounded.
The electric eel shoots out a bolt of lightning at you!
The bolt of electricity hits you!
* * * LOW HITPOINT WARNING * * *
The electric eel shoots out a bolt of lightning at you!
The bolt of electricity hits you!
* * * LOW HITPOINT WARNING * * *
The bolt of electricity hits you!
You die...

...........#.#....# #####...#
#.########.##.....# #........
#......###.##.#.#.#######.###...#
.........#..................##.##
.#..........###############.##.#
.........##.#8P#≈≈≈≈≈≈≈#P8#.##.#
.#..........#..#..≈≈≈P≈#..#..#.#
.#.........©#©.'..≈♣≈P≈+)©#©...#
.#.......#..#..#s.;PP≈≈#..#....#
.........##.#8P#;≈≈≈≈≈≈#P8#.##.##
...##.#####.###############.##.##
......#####.................##.##
.............####.############...
...#########.# #.# #####.#
...#########.# #.# #......
.............# #.# #.###.#
#..########..# #.# #.# #..


You could see 2 electric eels.

Vanquished Creatures
  Prince Ribbit (D:5)
  Sigmund (D:2)
  Menkaure (D:5)
  2 ogres (D:4)
  2 phantoms
  2 scorpions
  A howler monkey (D:5)
  A hound (D:4)
  A jelly (D:5)
  An orc priest (D:4)
  A bullfrog skeleton (D:5)
  An orc wizard (D:4)
  Ijyb (D:3)
  A worker ant (D:4)
  Terence (D:2)
  3 gnolls
  8 adders
  An ooze (D:5)
  2 worms
  5 dart slugs
  6 leopard geckos
  5 orcs
  4 ball pythons
  4 giant cockroaches
  5 goblins
  7 hobgoblins
  A quokka (D:1)
  6 bats
  9 frilled lizards
  A jackal zombie (D:5)
  8 kobolds
  A leopard gecko skeleton (D:5)
  4 rats
98 creatures vanquished.

Vanquished Creatures (others)
  An orc (D:3)
1 creature vanquished.

Grand Total: 99 creatures vanquished

Notes
Turn   | Place    | Note
-------+----------+-------------------------------------------
     0 | D:1      | sankara the Draconian Transmuter began the quest for the Orb.
     0 | D:1      | Reached XP level 1. HP: 16/16 MP: 3/3
   234 | D:1      | Reached XP level 2. HP: 23/23 MP: 3/5
   504 | D:1      | Learned a level 2 spell: Sticks to Snakes
   899 | D:2      | Found an opulent altar of Gozag.
   899 | D:2      | Found a snail-covered altar of Cheibriados.
   953 | D:2      | Found a glowing silver altar of Zin.
   995 | D:2      | Noticed Sigmund
  1093 | D:1      | Reached XP level 3. HP: 24/29 MP: 4/6
  1170 | D:2      | Learned a level 3 spell: Spider Form
  1346 | D:2      | Killed Sigmund
  1346 | D:2      | Reached skill level 4 in Unarmed Combat
  1346 | D:2      | Reached XP level 4. HP: 23/38 MP: 3/7
  1346 | D:2      | Reached XP level 5. HP: 27/45 MP: 3/8
  1519 | D:2      | Noticed Terence
  1533 | D:2      | Killed Terence
  1533 | D:2      | Reached skill level 5 in Unarmed Combat
  1595 | D:2      | Found a shattered altar of Ashenzari.
  1810 | D:3      | Noticed Ijyb
  1820 | D:3      | Noticed microfolk's ghost (amateur GrBe)
  1825 | D:3      | Killed Ijyb
  2103 | D:2      | Reached XP level 6. HP: 6/51 MP: 7/9
  4406 | D:4      | Reached skill level 1 in Poison Magic
  4723 | D:4      | Found a hazy altar of Hepliaklqana.
  4786 | D:4      | Your scales start taking on a glossy black colour.
  4786 | D:4      | Reached XP level 7. HP: 51/58 MP: 10/10
  4786 | D:4      | Gained mutation: You are resistant to electric shocks. (rElec) [Black Draconian growth]
  5086 | D:4      | Reached skill level 6 in Unarmed Combat
  5247 | D:4      | Found a glowing golden altar of the Shining One.
  5426 | D:5      | Entered Level 5 of the Dungeon
  5476 | D:5      | Found a transporter.
  5493 | D:5      | Found a white marble altar of Elyvilon.
  5540 | D:5      | Noticed Prince Ribbit
  5547 | D:5      | Killed Prince Ribbit
  5547 | D:5      | Reached XP level 8. HP: 53/67 MP: 11/11
  5652 | D:5      | Found a transporter.
  5737 | D:5      | Found a staircase to the Ecumenical Temple.
  5757 | Temple   | Entered the Ecumenical Temple
  6010 | Temple   | Became a worshipper of Ru the Awakened
  6124 | D:5      | Found an ornate altar of the Wu Jian Council.
  6153 | D:5      | Found a blossoming altar of Fedhas.
  6527 | D:5      | Noticed Menkaure
  6538 | D:5      | Killed Menkaure
  6538 | D:5      | Reached skill level 7 in Unarmed Combat
  6695 | D:5      | Killed from afar by an electric eel

Skill      XL: |  1  2  3  4  5  6  7  8 |
---------------+-------------------------+-----
Fighting       | 3 4 |  4.9
Unarmed Combat | 4 5 6 7 |  7.1
Transmutations | 3 4 |  4.8
Dodging        | 2 3 |  3.6
Poison Magic   | 1 2 3 |  3.0
Spellcasting   | |  2.0

Action                   |  1- 3 |  4- 6 |  7- 9 || total
-------------------------+-------+-------+-------++-------
Melee: Unarmed           |   102 |   255 |   107 ||   464
       Headbutt          |     6 |    10 |    12 ||    28
       Kick              |     5 |    10 |     6 ||    21
       Tailslap          |    10 |    18 |    11 ||    39
 Cast: Beastly Appendage |    26 |    27 |    17 ||    70
       Spider Form       |     1 |     9 |     7 ||    17
 Abil: Breathe Lightning |       |       |     1 ||     1
  Use: Potion            |     3 |     2 |       ||     5
       Scroll            |       |     5 |       ||     5
 Stab: Sleeping          |     1 |       |     1 ||     2
       Invisible         |       |     2 |       ||     2
  Eat: Chunk             |     2 |     4 |     6 ||    12
       Ration            |       |     3 |     1 ||     4
Armor: Skin              |    30 |    42 |    16 ||    88
Dodge: Dodged            |    61 |   174 |    50 ||   285
Block: Buckler           |     7 |    28 |    15 ||    50
